 Dungeon Crawl Stone Soup version bcrawl-1.40.3b (webtiles) character file.

Game seed: 6582844980276558165

8788011 Galewind the Scorcher (level 22, -2/135 HPs)
             Began as an Avariel Conjurer on Mar 15, 2024.
             Was the Champion of Sif Muna.
             Slain by a death ooze (29 damage)
             ... created by the Royal Jelly
             ... on level 5 of the Pits of Slime on Mar 16, 2024.
             The game lasted 01:23:00 (46229 turns).

Galewind the Scorcher (Avariel Conjurer)           Turns: 46229, Time: 01:23:01

Health: -2/135     AC: 10    Str:  8    XL:     22   Next: 19%
Magic:  9/46       EV: 26    Int: 39    God:    Sif Muna [******]
Gold:   825        SH:  5    Dex: 16    Spells: 8/57 levels left

rFire    + + .     GDR:     28% q - staff of fire
rCold    . . .     SeeInvis .   (no shield)
rNeg     . . .     Gourm    .   X - +1 robe {RegenMP}
rPois    .         Faith    .   m - +2 helmet {Int+3}
rElec    +         Spirit   .   S - scarf {clouds}
rCorr    +         Reflect  +   a - +0 pair of gloves of Bedevilment {rCorr Str+2}
MR       ++++.                  u - +2 pair of boots {run}
Stlth    +++.......             F - amulet "Omnum" {Reflect Fragile rF+ MR+ Int+4 SH+5}
HPRegen  0.72/turn              n - +4 ring of evasion
MPRegen  0.60/turn              V - ring "Seiff" {rElec Dex+5 Stlth+}

@: flying quickly and evasively, constricted, studying Maces & Flails, deflect
missiles, quick
A: hooves 1, clumsy 1, magic resistance 1, regeneration 1, able to fly
}: 2/15 runes: decaying, gossamer
a: Stop Flying, Divine Energy, Channel Magic, Forget Spell, Moment of Magic,
Renounce Religion, Evoke Fog


You were on level 5 of the Pits of Slime.
You worshipped Sif Muna.
Sif Muna was exalted by your worship.
You were near starving.

You visited 10 branches of the dungeon, and saw 37 of its levels.
You visited the Abyss 1 time.
You visited 1 bazaar.
You also visited: Trove, Ossuary, Gauntlet and Ice Cave.

You collected 5954 gold pieces.
You spent 5129 gold pieces at shops.

Inventory:

Hand Weapons
 s - the +6 flail "Afutuen" {elec, rPois rF+ rC+ Str+3}
   (You found it on level 4 of the Dungeon)

   Occasionally, upon striking a foe, it will discharge some electrical energy
   and cause terrible harm.
   It affects your strength (+3).
   It protects you from fire.
   It protects you from cold.
   It protects you from poison.
Armour
 a - the +0 pair of gloves of Bedevilment (worn) {rCorr Str+2}
   (You bought it in a shop on level 1 of the Elven Halls)

   It affects your strength (+2).
   It provides partial protection from all sources of acid and corrosion.
 m - a +2 helmet of intelligence (worn)
 u - a +2 pair of boots of running (worn)
 S - a scarf of clouds (worn)
 X - a +1 robe of magic recovery (worn)
Magical Staves
 q - an uncursed staff of fire (weapon)
 W - an uncursed staff of conjuration
Jewellery
 n - a +4 ring of evasion (left hand)
 D - an uncursed ring of magical power
 F - the amulet "Omnum" (around neck) {Reflect Fragile rF+ MR+ Int+4 SH+5}
   (You found it in a treasure trove)

   [amulet of reflection]

   It shields you and reflects attacks.
   It affects your intelligence (+4).
   It protects you from fire.
   It affects your resistance to hostile enchantments.
   It will be destroyed if unequipped.
   It affects your SH (+5).
 V - the ring "Seiff" (right hand) {rElec Dex+5 Stlth+}
   (You took it off a minotaur in a Gauntlet)

   [ring of insulation]

   It affects your dexterity (+5).
   It insulates you from electricity.
   It makes you more stealthy.
 Z - the ring of the Raven {SInv Stlth++}
   (You found it in a treasure trove)

   [ring of stealth]

   It lets you see invisible.
   It makes you much more stealthy.
Wands
 k - a wand of clouds (10)
 E - a wand of digging (15)
 G - a wand of acid (14)
 N - a wand of disintegration (27)
Scrolls
 b - 13 scrolls of remove curse
 j - 3 scrolls of immolation
 p - 2 scrolls of fear
 v - 3 scrolls of noise
 y - 11 scrolls of teleportation
 B - 2 scrolls of amnesia
 C - 4 scrolls of enchant weapon
 H - 3 scrolls of blinking
 I - 7 scrolls of fog
 O - 3 scrolls of enchant armour
 Q - 2 scrolls of brand weapon
 R - 2 scrolls of silence
 T - 2 scrolls of summoning
Potions
 c - 4 potions of magic
 f - 7 potions of lignification
 h - 5 potions of brilliance
 l - 4 potions of resistance
 r - 8 potions of might
 t - 13 potions of curing
 w - 3 potions of flight
 x - 3 potions of invisibility
 z - a potion of berserk rage
 A - 4 potions of mutation
 J - 2 potions of cancellation
 K - 5 potions of heal wounds
 L - 4 potions of agility
 P - 9 potions of haste
 Y - 5 potions of ambrosia
Miscellaneous
 i - a phial of floods
Comestibles
 e - 45 rations {!d}


   Skills:
 - Level 13.0 Fighting
 - Level 7.2(9.0) Maces & Flails
   Level 1.0(5.7) Polearms
 - Level 9.8(11.1) Staves
 - Level 12.0 Dodging
 - Level 2.1 Stealth
 - Level 18.0 Spellcasting
 - Level 16.0 Conjurations
 - Level 14.0 Hexes
 - Level 6.0 Charms
 - Level 20.0 Fire Magic
 - Level 8.0 Air Magic
 + Level 14.6 Invocations
 - Level 1.2 Evocations


You had 8 spell levels left.
You knew the following spells:

 Your Spells              Type           Power        Failure   Level  Hunger
a - Magic Dart            Conj           ####         0%          1    None
b - Orb of Destruction    Conj           ########..   1%          7    ###....
c - Fireball              Conj/Fire      ########..   0%          5    None
d - Deflect Missiles      Chrm/Air       ######....   7%          6    None
e - Sticky Flame          Conj/Fire      ########     0%          4    None
f - Bolt of Fire          Conj/Fire      ########..   1%          6    None
g - Ignition              Hex/Fire       ########..   4%          8    None
h - Iskenderun's Mystic   Conj           ########     0%          3    None
i - Fire Storm            Fire           ########..   22%         9    None

Your spell library contained the following spells:

 Spells                   Type           Power        Failure   Level  Hunger
 Corona                   Hex            #######      0%          1    None
 Flame Tongue             Conj/Fire      #####        0%          1    None
 Slow                     Hex            #######.     0%          1    None
 Flaming Arrows           Chrm/Fire      ########     0%          2    None
 Searing Ray              Conj           ########     0%          2    None
 Shackle                  Hex            #######.     0%          2    None
 Shock                    Conj/Air       #######      0%          2    None
 Confuse                  Hex            #######.     0%          3    None
 Conjure Flame            Conj/Fire      ########     0%          3    None
 Dazzling Orbs            Conj/Hex       #######      0%          3    None
 Inner Flame              Hex/Fire       N/A          0%          3    None
 Tukima's Dance           Hex            #######.     0%          3    None
 Apportation              Tloc           #####.       1%          1    None
 Blink Other              Tloc           #####.       1%          1    None
 Freeze                   Ice            #####.       1%          1    None
 Infusion                 Chrm           ######..     1%          1    None
 Necrotize                Necr           #####.       1%          1    None
 Sandblast                Erth           #####.       1%          1    None
 Static Discharge         Air            ######       1%          1    None
 Summon Butterflies       Summ           #####...     1%          1    None
 Summon Small Mammal      Summ           ####         1%          1    None
 Blink                    Tloc           N/A          1%          2    None
 Call Imp                 Summ           #####.       1%          2    None
 Ensorcelled Hibernation  Hex/Ice        ######       1%          2    None
 Passwall                 Tmut/Erth      #####...     1%          2    None
 Swiftness                Chrm/Air       ######..     1%          2    None
 Throw Frost              Conj/Ice       ######       1%          2    None
 False Image              Hex/Summ       ######..     1%          3    None
 Ignite Poison            Fire/Tmut/Pois #######.     1%          3    None
 Mephitic Cloud           Conj/Pois/Air  #######.     1%          3    None
 Ozocubu's Armour         Chrm/Ice       ######..     1%          3    None
 Spectral Weapon          Hex/Chrm       #######.     1%          3    None
 Stone Arrow              Conj/Erth      ######       1%          3    None
 Airstrike                Air            #######...   1%          4    None
 Cause Fear               Hex            #######...   1%          4    None
 Fulminant Prism          Conj/Hex       ########..   1%          4    None
 Lightning Bolt           Conj/Air       #######.     1%          4    None
 Throw Icicle             Conj/Ice       #######.     1%          4    None
 Tree Form                Hex/Tmut       N/A          1%          4    None
 Bolt of Draining         Conj/Necr      #######...   1%          5    None
 Bolt of Magma            Conj/Fire/Erth ########..   1%          5    None
 Irradiate                Conj/Tmut      #######...   1%          5    None
 Iskenderun's Battlesphe  Conj/Chrm      #######.     1%          5    None
 Metabolic Englaciation   Hex/Ice        ######....   1%          5    None
 Silence                  Hex/Air        #######...   1%          5    None
 Steam Barrier            Chrm/Fire      ########..   1%          5    None
 Venom Bolt               Conj/Pois      #######...   1%          5    None
 Conjure Ball Lightning   Conj/Air       #######...   1%          6    None
 Invisibility             Hex            #######.     1%          6    None
 Mana Rupture             Conj/Hex       ########..   1%          7    ###....
 Beckoning                Tloc           #####.....   2%          3    None
 Call Canine Familiar     Summ           #####...     2%          3    None
 Portal Projectile        Tloc           #####.       2%          3    None
 Teleport Other           Tloc           #####...     2%          3    None
 Vampiric Draining        Necr           #####.....   2%          3    None
 Discord                  Hex            #######...   2%          7    ###....
 Freezing Cloud           Ice/Air        ######..     4%          5    None
 Summon Lightning Spire   Summ/Air       ######..     4%          5    None
 Bolt of Cold             Conj/Ice       #######...   4%          6    None
 Virulence                Hex/Pois       ######..     7%          6    None
 Agony                    Necr           #####...     9%          4    None
 Animate Dead             Necr           N/A          9%          4    None
 Force Lance              Tloc           #####...     9%          4    None
 Ice Form                 Ice/Tmut       #####...     9%          4    None
 Summon Ice Beast         Ice/Summ       #####...     9%          4    None
 Summon Scorpions         Summ/Pois      #####...     9%          4    None
 Summon Fire Elementals   Fire/Summ      ########.    12%         7    None
 Infestation              Hex/Tmut/Pois  ######...    19%         6    None
 Dispel Undead            Necr           #####...     22%         5    None
 Passage of Golubria      Tloc           N/A          22%         5    None
 Summon Forest            Summ/Tloc      #####.....   22%         5    None
 Icicle Burst             Conj/Ice       #######...   26%         7    ###....
 Chain Lightning          Conj/Air       #######...   36%         8    #####..
 Aura of Abjuration       Summ           #####.....   77%         6    None
 Borgnjor's Vile Clutch   Necr/Erth      #####.....   77%         6    None
 Dispersal                Tloc           #####.....   77%         6    None
 Ozocubu's Refrigeration  Ice            #####.....   77%         6    None
 Statue Form              Tmut/Erth      #####....    77%         6    None
 Summon Hydra             Summ           #####.....   77%         6    None
 Glaciate                 Conj/Ice/Air   #######...   90%         8    #####..
 Lehudib's Crystal Spear  Conj/Erth      #######...   90%         8    #####..
 Controlled Blink         Tloc           #####...     100%        7    ###....
 Monstrous Menagerie      Summ           #####.....   100%        7    ###....
 Shadow Creatures         Summ           N/A          100%        7    ###....
 Necromutation            Tmut/Necr      #####...     100%        8    #####..
 Tornado                  Tloc/Air       ######....   100%        8    #####..
 Dragon's Call            Summ           #####.....   100%        9    ######.


Dungeon Overview and Level Annotations

Branches:
Dungeon (12/12)            Temple (1/1) D:6            Lair (6/6) D:8
  Swamp (3/3) Lair:2       Spider (3/3) Lair:4        Slime (5/5) Orc
    Orc (1/1) D:10            Elf (3/3) Lair:5       Vaults (2/3) D:12
  Crypt (0/2) Vaults:2     Depths (1/5) D:12

Altars:
Ashenzari
Cheibriados
Dithmenos
Elyvilon
Fedhas
Gozag
Hepliaklqana
Kikubaaqudgha
Lugonu
Makhleb
Nemelex Xobeh
Okawaru
Qazlal
Ru
Sif Muna
Trog
Uskayaw
Vehumet
Wu Jian
Xom
Yredelemnul
Zin
The Shining One
Jiyva

Shops:
D:5 *   D:6 *   D:8 *   Orc :!(?   Elf:1 [   Elf:2 *   Vaults:1 ?

Portals:
Abyss: Lair:6

Annotations:
Elf:2 3 runed doors


Innate Abilities, Weirdness & Mutations

You can fly continuously.
You have large cloven feet.
You are clumsy. (Dex -2)
You are resistant to hostile enchantments. (MR+)
Your natural rate of healing is unusually fast.


Message History

The great orb of eyes gazes at you.
You feel your power leaking away. The great orb of eyes gazes at you.
You resist with almost no effort. The death ooze barely misses you.
The death ooze grabs you. The death ooze constricts you!!
The acid blob is engulfed in blazing flames. x2
Your Invocations skill increases to level 14!
Unknown command.
Unknown command.
Unknown command.
The death ooze's grasp on you weakens, but your attempt to escape fails.
The acid blob is engulfed in blazing flames. x3
The acid blob spits acid at you. You resist.
The splash of acid hits you but does no damage.
You are splashed with acid!
You resist.
* * * LOW HITPOINT WARNING * * *
The death ooze hits you!
* * * LOW HITPOINT WARNING * * *
You die...

.........### ....
.........# ....
.........#####....
.................
........#.#.#.#..
........#.....#
......####.#.##
####.# #...# ##
#####@##### ##
%##....JJ...##$$$
?......°○○....%()
......JJJ○☼....$[
......J○JJv....[[
......☼○○☼○....#?
.....v.v○○G....#/
...............##
................#


You could see 4 acid blobs, a great orb of eyes, 4 death oozes and 3 friendly
fire vortices.

Vanquished Creatures
  the Royal Jelly (Slime:5)
  Arachne (Spider:3)
  A bone dragon (Swamp:3)
  A wendigo (Swamp:2)
  2 deep elf blademasters (Elf:3)
  2 deep elf master archers (Elf:3)
  19 acid blobs
  A ghoul (Vaults:2)
  3 thorn hunters (Swamp:2)
  Louise (Elf:1)
  11 azure jellies
  12 deep elf sorcerers
  2 ghost moths (Spider:3)
  6 emperor scorpions
  Aizul (Elf:3)
  3 vault wardens (Vaults:2)
  An ironheart preserver (Vaults:1)
  2 stone giants (Vaults:2)
  9 deep elf elementalists (Elf:3)
  2 very ugly things (IceCv)
  A vampire knight (Vaults:2)
  A minotaur (Gauntlet)
  9 deep elf demonologists
  8 deep elf annihilators (Elf:3)
  An entropy weaver (Spider:2)
  2 spark wasps
  3 dire elephants
  6 deep elf death magi (Elf:3)
  Azrael (D:12)
  An eidolon (Vaults:2)
  A fire dragon (Depths:1)
  A rakshasa (Depths:1)
  5 deep elf high priests (Elf:3)
  4 vault guards (D:12)
  4 yaktaur captains
  3 ghost crabs
  A catoblepas (Lair:6)
  3 shambling mangroves
  An anaconda (Lair:6)
  3 ice dragons
  14 hydras
  A shadow wraith (Vaults:2)
  7 death oozes
  6 great orbs of eyes
  13 dancing weapons
  A deep troll shaman (Depths:1)
  A death knight (D:12)
  An ogre mage (Vaults:1)
  5 two-headed ogres
  The ghost of tronn the Magician, a novice DjAc of Ashenzari (Lair:3)
  8 death scarabs (Spider:3)
  A deep troll earth mage (Depths:1)
  6 tengu warriors
  14 alligators
  5 ancient automatons
  14 death yaks
  4 thrashing horrors
  An orc high priest (Orc)
  An ironheart beastmaster (Vaults:1)
  12 deep elf knights
  8 centaur warriors
  2 spriggan druids
  A flayed ghost (Vaults:1)
  3 orange crystal statues
  5 spectral hydras (Swamp:3)
  3 spectral wolf spiders (Spider:3)
  19 deep elf archers
  4 wolf spider zombies
  3 cyclopes
  3 ironheart convokers
  3 swamp dragons
  A wizard (Vaults:1)
  2 phantasmal warriors
  9 orb spiders
  6 ugly things
  64 deep elf magi
  2 oklob plants
  8 orc sorcerers (Orc)
  22 wolf spiders
  6 shining eyes
  A manticore (D:11)
  2 moths of wrath (Spider:3)
  5 black mambas
  20 elephants
  Joseph (D:8)
  4 large abominations
  5 ice statues (IceCv)
  3 vault sentinels
  18 will-o'-wisps
  2 cane toads (shapeshifter)
  19 cane toads
  2 smoke demons
  3 torpor snails
  2 gargoyles
  3 swamp worm zombies (Swamp:3)
  A freezing wraith (D:12)
  2 spectral jumping spiders (Spider:3)
  5 yaktaurs
  27 jumping spiders
  2 komodo dragons
  3 hydra zombies (Swamp:3)
  A rime drake (Lair:2)
  6 demonic crawlers
  A tengu conjurer (Elf:1)
  An eye of draining (shapeshifter) (Vaults:1)
  2 guardian mummies (D:9)
  14 hornets
  4 trolls
  5 tyrant leeches
  3 spectral tarantellas (Spider:3)
  3 polar bears
  3 ancient zymes
  120 slime creatures
  3 spectral redbacks (Spider:3)
  3 tarantella zombies (Spider:3)
  22 blink frogs
  2 spectral swamp dragons (Swamp:3)
  4 alligator zombies (Swamp:3)
  A blink frog (shapeshifter) (Elf:3)
  4 dream sheep (Lair:6)
  A harpy skeleton (D:12)
  10 bog bodies
  Grum (Lair:3)
  5 hippogriffs
  3 dire elephant simulacra (IceCv)
  A meliai zombie (D:8)
  8 water elementals
  4 spriggans
  2 vampires
  22 tarantellas
  A wraith (Vaults:2)
  4 air elementals
  Sigmund (D:2)
  2 wyverns
  2 ynoxinuls (Lair:6)
  53 yaks
  7 basilisks
  4 chaos spawn (Lair:6)
  8 fire elementals
  11 golden eyes
  33 redbacks
  20 vampire mosquitoes
  3 harpy simulacra
  7 wargs
  13 swamp worms
  Menkaure (D:6)
  3 jumping spider zombies (Spider:3)
  9 water moccasins
  A crocodile (shapeshifter) (Lair:6)
  A floating eye (shapeshifter) (Vaults:1)
  12 crocodiles
  2 hydra simulacra (IceCv)
  4 hell hounds (D:12)
  2 floating eyes
  7 porcupines
  A spectral hornet (Spider:3)
  8 swamp drakes
  2 black bears
  7 orc warriors
  2 meliai simulacra (Gauntlet)
  8 ice beasts
  2 ettin simulacra (IceCv)
  2 redback zombies (Spider:3)
  A hornet zombie (D:9)
  4 swamp dragon zombies (Swamp:3)
  9 ogres
  14 phantoms
  10 boggarts
  2 sky beasts
  A necrophage (D:8)
  15 wolves (Lair:3)
  16 bullfrogs
  4 kobold brigands
  4 earth elementals
  4 centaurs
  4 scorpions
  A water moccasin skeleton (D:7)
  A hornet simulacrum (Gauntlet)
  9 small abominations (Lair:6)
  17 killer bees
  7 howler monkeys
  2 electric eels (Elf:3)
  9 orc priests
  8 crimson imps
  A quasit (D:12)
  2 hounds
  3 jellies (Lair:3)
  35 orc wizards
  A bullfrog skeleton (D:6)
  A gnoll shaman (D:8)
  3 iguanas
  11 worker ants
  2 hell rats (Lair:2)
  A porcupine skeleton (D:10)
  A killer bee zombie (D:6)
  A hound zombie (D:8)
  A hound skeleton (D:9)
  3 mummies (Ossuary)
  8 gnolls
  A swamp drake zombie (Swamp:3)
  12 adders
  11 river rats (Lair:2)
  2 adder zombies (Ossuary)
  An adder skeleton (D:4)
  3 worms
  A dart slug (D:1)
  9 leopard geckos
  71 orcs
  5 giant cockroaches
  A gnoll zombie (Ossuary)
  7 goblins
  9 hobgoblins
  15 jackals
  4 quokkas
  8 ball pythons
  7 bats
  4 frilled lizards
  A goblin zombie (Ossuary)
  4 hobgoblin zombies (Ossuary)
  30 kobolds
  2 kobold zombies (Ossuary)
  7 quokka zombies
  8 rats
  2 rat zombies (Ossuary)
  3 briar patches (Swamp:2)
  2 fungi
  A plant (Lair:5)
1509 creatures vanquished.

Vanquished Creatures (others)
  A deep elf master archer (Elf:3)
  Donald (Slime:4)
  A demonic crawler (Spider:1)
  A yaktaur (Vaults:1)
  A kobold (D:12)
  3 bushes (D:8)
  42 fungi
  34 plants
84 creatures vanquished.

Grand Total: 1593 creatures vanquished

Notes
Turn   | Place    | Note
-------+----------+-------------------------------------------
     0 | D:1      | Galewind the Avariel Conjurer began the quest for the Orb.
     0 | D:1      | Reached XP level 1. HP: 10/10 MP: 6/6
   151 | D:1      | Reached XP level 2. HP: 11/15 MP: 3/7
   301 | D:1      | Learned a level 2 spell: Searing Ray
   676 | D:1      | Reached XP level 3. HP: 19/19 MP: 7/9
   680 | D:1      | Learned a level 3 spell: Iskenderun's Mystic Blast
  1302 | D:2      | Noticed a phantom
  1350 | D:2      | Killed a phantom
  1351 | D:2      | Reached XP level 4. HP: 24/24 MP: 1/12
  1351 | D:2      | Reached XP level 5. HP: 28/28 MP: 1/13
  1827 | D:2      | Noticed Sigmund
  1833 | D:2      | Killed Sigmund
  1834 | D:2      | Reached skill level 5 in Spellcasting
  1834 | D:2      | Reached XP level 6. HP: 22/32 MP: 3/15
  3318 | D:3      | Reached XP level 7. HP: 32/36 MP: 9/17
  3562 | D:4      | Got an ancient flail
  3896 | D:4      | Found an iron altar of Okawaru.
  4374 | D:5      | Entered Level 5 of the Dungeon
  4878 | D:5      | Found Ihiut's Assorted Antiques.
  4901 | D:6      | Found a shimmering altar of Xom.
  4901 | D:6      | Noticed a yak
  4907 | D:6      | Killed a yak
  4908 | D:6      | Reached XP level 8. HP: 42/42 MP: 4/20
  5010 | D:6      | Found a shimmering altar of Xom.
  5010 | D:6      | Found a shimmering altar of Xom.
  5011 | D:6      | Found a shimmering altar of Xom.
  5100 | D:6      | Reached skill level 10 in Conjurations
  5105 | D:6      | Noticed Menkaure
  5178 | D:6      | Killed Menkaure
  5179 | D:6      | Reached skill level 1 in Fighting
  5265 | D:6      | Found a hide-covered altar of Uskayaw.
  5446 | D:6      | Found Gaucesesh's General Store.
  5645 | D:6      | Found a staircase to the Ecumenical Temple.
  5957 | D:7      | Gained mutation: You can fly continuously. [Avariel growth]
  5957 | D:7      | Reached XP level 9. HP: 30/47 MP: 16/23
  6076 | D:7      | Got a flickering brass amulet
  6093 | D:7      | Identified the amulet "Hybul" {RegenMP Int+2} (You found it
                  | on level 7 of the Dungeon)
  6242 | D:7      | Reached skill level 10 in Spellcasting
  6264 | D:7      | Reached skill level 5 in Dodging
  6373 | D:7      | Noticed a red ugly thing
  6379 | D:7      | Killed a red ugly thing
  6380 | D:7      | Reached XP level 10. HP: 54/54 MP: 12/26
  7022 | D:8      | Reached skill level 1 in Evocations
  7101 | D:8      | Found a sand-covered staircase.
  7152 | Ossuary  | Entered an ossuary
  7700 | D:8      | Found Niaxkank's Assorted Antiques.
  7728 | D:8      | Noticed Joseph
  7986 | D:8      | Killed Joseph
  8040 | D:8      | Reached XP level 11. HP: 60/60 MP: 17/29
  8131 | D:8      | Found a staircase to the Lair.
  8599 | D:9      | Got a twisted whip
  8887 | D:9      | Found a shattered altar of Ashenzari.
  9046 | Temple   | Entered the Ecumenical Temple
  9684 | Temple   | Became a worshipper of Sif Muna the Loreminder
  9759 | Lair:1   | Entered Level 1 of the Lair of Beasts
  9759 | Lair:1   | Noticed an oklob plant
  9764 | Lair:1   | Killed an oklob plant
  9803 | Lair:1   | Got a faintly glowing bone ring
  9871 | D:8      | Identified the cursed ring of Onosoy {Ice rN+ MR- Dex+4}
                  | (You found it on level 1 of the Lair of Beasts)
  9874 | D:8      | Identified the +9 whip "Titseeg" {elec, Str+8} (You found
                  | it on level 9 of the Dungeon)
  9875 | D:8      | Identified the +6 flail "Afutuen" {elec, rPois rF+ rC+
                  | Str+3} (You found it on level 4 of the Dungeon)
  9955 | Lair:1   | Reached skill level 10 in Dodging
 10350 | Lair:1   | Noticed a four-headed hydra
 10355 | Lair:1   | Killed a four-headed hydra
 11407 | Lair:2   | Found a staircase to the Swamp.
 11414 | Lair:2   | Reached XP level 12. HP: 68/68 MP: 14/30
 11819 | D:6      | Bought a scroll of acquirement for 780 gold pieces
 11819 | D:6      | Identified the ring of Muumezub {Ice rElec rPois Int-2}
                  | (You acquired it on level 6 of the Dungeon)
 11819 | D:6      | Identified a +1 pair of boots of running (You acquired it
                  | on level 6 of the Dungeon)
 11830 | D:6      | Bought a scroll of blinking for 112 gold pieces
 11830 | D:6      | Bought a potion of heal wounds for 75 gold pieces
 11881 | D:5      | Bought a rare book for 450 gold pieces
 11881 | D:5      | Bought a runed helmet for 225 gold pieces
 11881 | D:5      | Bought a potion of heal wounds for 150 gold pieces
 11950 | D:8      | Bought a scroll of identify for 48 gold pieces
 11950 | D:8      | Bought 3 potions of curing for 180 gold pieces
 12105 | Lair:3   | Reached skill level 5 in Fighting
 12276 | Lair:3   | Reached * piety under Sif Muna
 12636 | Lair:3   | Found a runed translucent gate.
 12637 | Lair:3   | Found a runed translucent gate.
 12638 | Lair:3   | Found a runed translucent gate.
 12641 | Lair:3   | Found a viscous altar of Jiyva.
 12641 | Lair:3   | Noticed tronn's ghost (novice DjAc)
 12647 | Lair:3   | Reached skill level 1 in Staves
 12648 | Lair:3   | Identified Sif Muna's Catalogue of Hexes and the Glacier
                  | (Sif Muna gifted it to you on level 3 of the Lair of
                  | Beasts)
 12648 | Lair:3   | Received a gift from Sif Muna
 12654 | Lair:3   | Reached skill level 1 in Invocations
 12929 | Lair:3   | Noticed Grum
 12952 | Lair:3   | Killed Grum
 13589 | Lair:4   | Reached skill level 5 in Invocations
 13592 | Lair:4   | Reached skill level 5 in Staves
 13593 | Lair:4   | Noticed a death yak
 13594 | Lair:4   | Noticed a death yak
 13598 | Lair:4   | Noticed a death yak
 13656 | Lair:4   | Noticed a death yak
 13658 | Lair:4   | Noticed a death yak
 13658 | Lair:4   | Noticed a death yak
 13660 | Lair:4   | Noticed a death yak
 13661 | Lair:4   | Killed a death yak
 13661 | Lair:4   | Noticed a death yak
 13666 | Lair:4   | Killed a death yak
 13717 | Lair:3   | Killed a death yak
 13789 | Lair:4   | Killed a death yak
 13790 | Lair:4   | Reached XP level 13. HP: 76/76 MP: 17/31
 14075 | Lair:4   | Found a hole to the Spider Nest.
 14231 | Lair:4   | Got a twitching lead ring
 14711 | Lair:4   | Identified the ring of Rynwy {rC- Dex+4 Stlth--} (You found
                  | it on level 4 of the Lair of Beasts)
 14831 | Lair:5   | Reached ** piety under Sif Muna
 14834 | Lair:5   | Found a staircase to the Elven Halls.
 14922 | Lair:5   | Got a bloodstained spear
 15232 | Lair:5   | Learned a level 6 spell: Deflect Missiles
 15331 | Lair:5   | Reached skill level 1 in Air Magic
 15530 | Lair:5   | Reached skill level 1 in Charms
 15839 | Lair:6   | Entered Level 6 of the Lair of Beasts
 15887 | Lair:6   | Reached *** piety under Sif Muna
 16093 | Lair:6   | Reached XP level 14. HP: 82/82 MP: 18/32
 16114 | Lair:6   | Reached **** piety under Sif Muna
 16117 | Lair:6   | Identified Sif Muna's Volume of the Volcanoes (Sif Muna
                  | gifted it to you on level 6 of the Lair of Beasts)
 16117 | Lair:6   | Received a gift from Sif Muna
 16328 | Lair:6   | Reached skill level 15 in Conjurations
 16414 | Lair:6   | Learned a level 4 spell: Sticky Flame
 16861 | Lair:6   | Reached ***** piety under Sif Muna
 16972 | Lair:6   | Reached skill level 5 in Air Magic
 17417 | Lair:6   | Reached skill level 5 in Charms
 17739 | Lair:6   | Found a corrupted altar of Lugonu.
 17739 | Lair:6   | Found a one-way gate to the infinite horrors of the Abyss.
 18214 | D:9      | Identified Sif Muna's Papyrus of Snow (Sif Muna gifted it
                  | to you on level 9 of the Dungeon)
 18214 | D:9      | Received a gift from Sif Muna
 18258 | D:9      | Found a sparkling altar of Nemelex Xobeh.
 18405 | D:9      | Found a portal to a secret trove of treasure.
 18601 | D:10     | Entered Level 10 of the Dungeon
 18664 | D:10     | Reached ****** piety under Sif Muna
 18670 | D:10     | Learned a level 5 spell: Silence
 18678 | D:10     | Learned a level 6 spell: Bolt of Fire
 18687 | D:10     | Learned a level 8 spell: Ignition
 18954 | D:10     | Found a staircase to the Orcish Mines.
 18965 | D:10     | Reached skill level 1 in Hexes
 19066 | D:10     | Reached skill level 1 in Fire Magic
 19083 | D:10     | Reached XP level 15. HP: 85/85 MP: 29/35
 19257 | D:10     | Reached skill level 2 in Fire Magic
 19466 | Orc      | Entered the Orcish Mines
 19466 | Orc      | Found a viscous altar of Jiyva.
 19466 | Orc      | Found a staircase to the Slime Pits.
 19517 | Orc      | Found Nuppoaxo's Weapon Emporium.
 19526 | Orc      | Reached skill level 3 in Fire Magic
 19572 | Orc      | Found Dyabikif's Magic Scroll Shop.
 19602 | Orc      | Bought 2 scrolls of identify for 52 gold pieces
 19638 | Orc      | Reached skill level 4 in Fire Magic
 19644 | Orc      | Found a gate leading to a gauntlet.
 19653 | Gauntlet | Entered a Gauntlet
 19653 | Gauntlet | Found a transporter.
 19674 | Gauntlet | Found a transporter.
 19689 | Gauntlet | Found a transporter.
 19695 | Gauntlet | Found a transporter.
 19710 | Gauntlet | Found a transporter.
 19729 | Gauntlet | Found a transporter.
 19741 | Gauntlet | Found a transporter.
 19753 | Gauntlet | Found a transporter.
 19765 | Gauntlet | Found a transporter.
 19777 | Gauntlet | Found a transporter.
 19785 | Gauntlet | Found a transporter.
 19785 | Gauntlet | Found a transporter.
 19826 | Gauntlet | Found a transporter.
 19852 | Gauntlet | Found a transporter.
 19854 | Gauntlet | Found a transporter.
 19856 | Gauntlet | Found a transporter.
 19878 | Gauntlet | Found a transporter.
 19880 | Gauntlet | Found a transporter.
 20200 | Gauntlet | Got a distressingly furry hat
 20208 | Gauntlet | Identified the +0 hat "Bepoet" {+Fly rF- MR++ rCorr} (You
                  | found it in a Gauntlet)
 20248 | Gauntlet | Identified the ring "Seiff" {rElec Dex+5 Stlth+}
 20254 | Gauntlet | Reached skill level 5 in Fire Magic
 20363 | Orc      | Found a roughly hewn altar of Beogh.
 20374 | Orc      | Reached skill level 6 in Fire Magic
 20442 | Orc      | Reached skill level 7 in Fire Magic
 20443 | Orc      | Identified Sif Muna's Compendium of Earth and Feathers (Sif
                  | Muna gifted it to you in the Orcish Mines)
 20443 | Orc      | Received a gift from Sif Muna
 20723 | Orc      | Found Baddal's Book Emporium.
 20723 | Orc      | Found Miosext's Distillery.
 20737 | Orc      | Bought a potion of ambrosia for 64 gold pieces
 20737 | Orc      | Bought a potion of berserk rage for 48 gold pieces
 22068 | D:12     | Entered Level 12 of the Dungeon
 22072 | D:12     | Reached skill level 8 in Fire Magic
 22104 | D:12     | Reached skill level 5 in Hexes
 22343 | D:12     | Found a staircase to the Depths.
 22389 | D:12     | Found a gate to the Vaults.
 22438 | D:12     | Reached skill level 9 in Fire Magic
 22650 | D:12     | Noticed Azrael
 22656 | D:12     | Killed Azrael
 22836 | D:12     | Received a gift from Sif Muna
 22988 | D:12     | Reached skill level 10 in Fire Magic
 22988 | D:12     | Reached XP level 16. HP: 92/92 MP: 27/36
 23459 | Swamp:1  | Entered Level 1 of the Swamp
 23936 | Swamp:1  | Reached skill level 11 in Fire Magic
 24313 | Swamp:1  | Reached skill level 1 in Maces & Flails
 24513 | Swamp:2  | Identified Sif Muna's Compendium of Fire and Damage Dealing
                  | (Sif Muna gifted it to you on level 2 of the Swamp)
 24513 | Swamp:2  | Received a gift from Sif Muna
 24650 | Swamp:2  | Reached skill level 10 in Hexes
 24668 | Swamp:2  | Reached skill level 12 in Fire Magic
 24739 | Swamp:2  | Noticed a thorn hunter
 24743 | Swamp:2  | Killed a thorn hunter
 24800 | Swamp:2  | Noticed a wendigo
 24810 | Swamp:2  | Killed a wendigo
 24811 | Swamp:2  | Noticed a thorn hunter
 24819 | Swamp:2  | Killed a thorn hunter
 24848 | Swamp:2  | Reached skill level 13 in Fire Magic
 24994 | Swamp:2  | Noticed a thorn hunter
 24998 | Swamp:2  | Killed a thorn hunter
 25277 | Swamp:2  | Found a glowing silver altar of Zin.
 25410 | Swamp:3  | Entered Level 3 of the Swamp
 25706 | Swamp:3  | Reached skill level 14 in Fire Magic
 25886 | Swamp:3  | Got an iridescent hand axe
 25887 | Swamp:3  | Identified the +8 hand axe of the Eight Eyes {chop, *Slow
                  | rN+ Int+5 Dex-4} (You found it on level 3 of the Swamp)
 25912 | Swamp:3  | Reached XP level 17. HP: 96/96 MP: 11/37
 26481 | Swamp:3  | Identified Quisoyq's Volume of Glamour and Arcane Weapons
                  | (Sif Muna gifted it to you on level 3 of the Swamp)
 26481 | Swamp:3  | Received a gift from Sif Muna
 26484 | Swamp:3  | Reached skill level 15 in Fire Magic
 26675 | Swamp:3  | Noticed a bone dragon
 26737 | Swamp:3  | Killed a bone dragon
 26887 | Swamp:3  | Reached skill level 16 in Fire Magic
 26932 | Swamp:3  | Reached skill level 1 in Polearms
 26949 | Swamp:3  | Got a decaying rune of Zot
 27234 | Elf:1    | Entered Level 1 of the Elven Halls
 27298 | Elf:1    | Reached skill level 5 in Maces & Flails
 27299 | Elf:1    | Noticed Louise
 27307 | Elf:1    | Killed Louise
 27923 | Elf:1    | Identified Sarche's Papyrus of Conjuration and Creation
 28328 | Elf:1    | Learned a level 5 spell: Fireball
 28344 | Elf:1    | Found Iced's Antique Armour Emporium.
 28353 | Elf:1    | Bought a pair of heavily runed gloves for 342 gold pieces
 28353 | Elf:1    | Identified the cursed +0 pair of gloves of Bedevilment
                  | {rCorr Str+2} (You bought it in a shop on level 1 of the
                  | Elven Halls)
 28353 | Elf:1    | Bought a dyed leather armour for 180 gold pieces
 28639 | Elf:2    | Identified Sif Muna's Collected Works on Aerial Malediction
                  | (Sif Muna gifted it to you on level 2 of the Elven Halls)
 28639 | Elf:2    | Received a gift from Sif Muna
 28716 | Elf:2    | Cast into level 1 of the Abyss (a deep elf demonologist)
 28818 | Abyss:1  | Identified the ring of Borahuew {+Fly rF+ rN+}
 28857 | Elf:2    | Escaped the Abyss
 28859 | Elf:2    | Reached XP level 18. HP: 78/101 MP: 31/38
 29224 | Elf:2    | Found a runed gate.
 29327 | Elf:2    | Found Yruist's General Store.
 29377 | Elf:2    | Found a runed gate.
 29381 | Elf:2    | Found a runed gate.
 29693 | Elf:2    | Bought a scroll of enchant weapon for 127 gold pieces
 29941 | D:9      | You paid a toll of a +7 scythe to enter a treasure trove
 29942 | Trove    | Entered a treasure trove
 29956 | Trove    | Identified the ring "Damont" {rElec rF- rC+++ rN+ Str-4}
 29958 | Trove    | Identified the ring of the Raven {SInv Stlth++}
 29960 | Trove    | Identified the ring of Wygomm {rPois rF+ Dex+3}
 29962 | Trove    | Gained mutation: You are resistant to hostile enchantments.
                  | (MR+) [potion of mutation]
 29962 | Trove    | Gained mutation: You are clumsy. (Dex -2) [potion of
                  | mutation]
 29962 | Trove    | Gained mutation: You have large cloven feet. [potion of
                  | mutation]
 29962 | Trove    | Gained mutation: Your natural rate of healing is unusually
                  | fast. [potion of mutation]
 29976 | Trove    | Identified the amulet "Omnum" {Reflect Fragile rF+ MR+
                  | Int+4 SH+5}
 29978 | Trove    | Identified the amulet of Suicidal Tendencies {RegenMP
                  | Int+4}
 29986 | Trove    | Identified the ring of Wypusaosm {*Corrode +Inv rF++ rN+
                  | Str+2}
 29996 | Trove    | Identified the amulet "Eti Muce" {Regen rPois MP+9 Str+9
                  | Dex-2}
 30245 | Elf:3    | Entered Level 3 of the Elven Halls
 30394 | Elf:3    | Noticed Aizul
 30405 | Elf:3    | Killed Aizul
 30684 | Elf:3    | Found a shimmering blue altar of Sif Muna.
 30749 | Elf:3    | Found a frozen archway.
 30878 | IceCv    | Entered an ice cave
 31978 | Elf:3    | Reached skill level 10 in Fighting
 32053 | Elf:3    | Noticed a Shadow Fiend
 32146 | Elf:3    | Identified Sif Muna's Papyrus of Feathery Heat (Sif Muna
                  | gifted it to you on level 3 of the Elven Halls)
 32146 | Elf:3    | Received a gift from Sif Muna
 32261 | Elf:3    | Noticed a deep elf blademaster
 32264 | Elf:3    | Killed a deep elf blademaster
 32413 | Elf:3    | Noticed a deep elf blademaster
 32428 | Elf:3    | Killed a deep elf blademaster
 32434 | Elf:3    | Reached XP level 19. HP: 102/116 MP: 9/39
 32610 | Elf:3    | Noticed a Shadow Fiend
 33151 | Elf:3    | Identified the +1 halberd of Ediypsuf {freeze, Int+4}
 33314 | Elf:3    | Reached skill level 15 in Spellcasting
 33436 | Elf:3    | Identified the ring of Beogh's Brutal Revenge {+Fly rElec
                  | MP+9}
 33594 | Elf:3    | Identified the Incunabulum of Spatial Attacks
 33709 | Elf:3    | Learned a level 9 spell: Fire Storm
 34242 | Lair:3   | Killed tronn's ghost
 34418 | Spider:1 | Entered Level 1 of the Spider Nest
 34428 | Spider:1 | Identified Sif Muna's Guide on the Escort and Stones (Sif
                  | Muna gifted it to you on level 1 of the Spider Nest)
 34428 | Spider:1 | Received a gift from Sif Muna
 35568 | Spider:2 | Reached XP level 20. HP: 124/124 MP: 20/43
 36648 | Spider:3 | Entered Level 3 of the Spider Nest
 37024 | Spider:3 | Identified Sif Muna's Reference Book on Earthen Beguiling
                  | (Sif Muna gifted it to you on level 3 of the Spider Nest)
 37024 | Spider:3 | Received a gift from Sif Muna
 37959 | Spider:3 | Reached skill level 17 in Fire Magic
 38286 | Spider:3 | Found a huge runed gate.
 38286 | Spider:3 | Found a huge runed gate.
 38286 | Spider:3 | Found a huge runed gate.
 38287 | Spider:3 | Found a huge runed gate.
 38288 | Spider:3 | Found a huge runed gate.
 38462 | Spider:3 | Noticed Arachne
 38467 | Spider:3 | Killed Arachne
 38546 | Spider:3 | Got a gossamer rune of Zot
 38847 | Depths:1 | Entered Level 1 of the Depths
 38852 | Depths:1 | Identified Sif Muna's Compendium of Confrontation (Sif Muna
                  | gifted it to you on level 1 of the Depths)
 38852 | Depths:1 | Received a gift from Sif Muna
 38909 | D:12     | Learned a level 7 spell: Orb of Destruction
 38946 | Depths:1 | Reached skill level 18 in Fire Magic
 39036 | Vaults:1 | Entered Level 1 of the Vaults
 39417 | Vaults:1 | Found Cusad's Magic Scroll Emporium.
 40478 | Vaults:2 | Reached skill level 19 in Fire Magic
 40650 | Vaults:2 | Reached XP level 21. HP: 129/129 MP: 26/45
 41150 | Vaults:2 | Received a gift from Sif Muna
 41187 | Vaults:2 | Found a flickering gateway to a bazaar.
 41199 | Bazaar   | Entered a bazaar
 41219 | Bazaar   | Found Taam Xeh's Book Boutique.
 41223 | Bazaar   | Found Vihonyum's Antique Weapon Boutique.
 41223 | Bazaar   | Found Kahoixih's Antique Armour Boutique.
 41224 | Bazaar   | Found Adauvy's Distillery.
 41257 | Bazaar   | Bought a spiked leather armour for 210 gold pieces
 41257 | Bazaar   | Identified the cursed +0 leather armour of Bad Feelings
                  | {rElec} (You bought it in a shop in a bazaar)
 41257 | Bazaar   | Bought a glowing robe for 111 gold pieces
 41272 | Bazaar   | Bought a runed helmet for 225 gold pieces
 41272 | Bazaar   | Bought a dyed leather armour for 150 gold pieces
 41288 | Bazaar   | Bought a runed robe for 111 gold pieces
 41288 | Bazaar   | Bought a glowing robe for 111 gold pieces
 41301 | Bazaar   | Bought the Reference Book on Calling and Transmigration for
                  | 400 gold pieces
 41309 | Bazaar   | Bought 2 potions of haste for 220 gold pieces
 41309 | Bazaar   | Bought a potion of haste for 110 gold pieces
 41309 | Bazaar   | Bought a potion of haste for 110 gold pieces
 41309 | Bazaar   | Bought a potion of mutation for 88 gold pieces
 41309 | Bazaar   | Bought a potion of agility for 44 gold pieces
 41309 | Bazaar   | Bought a potion of curing for 27 gold pieces
 41309 | Bazaar   | Bought a potion of berserk rage for 33 gold pieces
 41309 | Bazaar   | Bought a potion of agility for 44 gold pieces
 41309 | Bazaar   | Bought a potion of might for 44 gold pieces
 41309 | Bazaar   | Bought a potion of heal wounds for 55 gold pieces
 41309 | Bazaar   | Bought a potion of ambrosia for 44 gold pieces
 41309 | Bazaar   | Bought a potion of might for 44 gold pieces
 41309 | Bazaar   | Bought a potion of invisibility for 88 gold pieces
 41309 | Bazaar   | Bought a potion of curing for 27 gold pieces
 41866 | Vaults:2 | Found a staircase to the Crypt.
 42222 | Slime:1  | Entered Level 1 of the Pits of Slime
 42486 | Slime:1  | Reached skill level 20 in Fire Magic
 44296 | Slime:3  | Reached skill level 10 in Invocations
 45418 | Slime:4  | Killed Donald
 46137 | Slime:5  | Entered Level 5 of the Pits of Slime
 46218 | Slime:5  | Found a viscous altar of Jiyva.
 46219 | Slime:5  | Noticed the Royal Jelly
 46222 | Slime:5  | Reached XP level 22. HP: 75/135 MP: 17/46
 46228 | Slime:5  | Killed the Royal Jelly
 46229 | Slime:5  | Slain by a death ooze

Skill      XL: |  1  2  3  4  5  6  7  8  9 10 11 12 13 14 15 16 17 18 19 20 21 22 |
---------------+-------------------------------------------------------------------+-----
Conjurations   | 6 7 8 9 11 13 14 16 | 16.0
Spellcasting   | 3 4 5 7 8 10 12 14 17 18 | 18.0
Dodging        | 3 4 5 7 11 12 | 12.0
Fighting       | 1 2 3 4 7 11 13 | 13.0
Evocations     | 1 |  1.2
Staves         | 6 9 |  9.8
Invocations    | 6 8 13 14 | 14.6
Air Magic      | 2 8 |  8.0
Charms         | 2 6 |  6.0
Hexes          | 1 8 10 12 14 | 14.0
Fire Magic     | 1 10 14 16 19 20 | 20.0
Maces & Flails | 1 7 |  7.2
Polearms       | 1 |  1.0
Stealth        | |  2.1

Action                   |  1- 3 |  4- 6 |  7- 9 | 10-12 | 13-15 | 16-18 | 19-21 | 22-24 || total
-------------------------+-------+-------+-------+-------+-------+-------+-------+-------++-------
Melee: Dagger            |       |     7 |     8 |     2 |       |       |       |       ||    17
       Flail             |       |       |       |     9 |   112 |    11 |       |       ||   132
       Staff             |       |       |       |       |     3 |     6 |    27 |       ||    36
 Cast: Magic Dart        |    51 |    95 |    42 |       |       |       |       |       ||   188
       Searing Ray       |     2 |     7 |    22 |    14 |     2 |       |       |       ||    47
       Iskenderun's Myst |       |     1 |    69 |   288 |   649 |   563 |   153 |       ||  1723
       Deflect Missiles  |       |       |       |       |     1 |       |       |       ||     1
       Bolt of Fire      |       |       |       |       |    41 |   140 |    75 |       ||   256
       Sticky Flame      |       |       |       |       |       |     6 |     9 |       ||    15
       Ignition          |       |       |       |       |       |     8 |    52 |     1 ||    61
       Fireball          |       |       |       |       |       |    47 |   364 |       ||   411
       Orb of Destructio |       |       |       |       |       |       |     2 |       ||     2
       Fire Storm        |       |       |       |       |       |       |     1 |     1 ||     2
Invok: Channel Magic     |       |       |       |       |     4 |    14 |    16 |     1 ||    35
Evoke: Wand              |       |       |     2 |     2 |     1 |     3 |     1 |       ||     9
  Use: Scroll            |     2 |       |     8 |    12 |    10 |    12 |     3 |       ||    47
       Potion            |       |       |     1 |     2 |       |     2 |       |       ||     5
 Stab: Sleeping          |       |       |     1 |       |       |       |       |       ||     1
  Eat: Chunk             |     2 |     8 |    13 |    17 |    38 |    24 |    30 |       ||   132
       Ration            |       |       |       |     2 |     1 |     8 |     7 |       ||    18
Armor: Robe              |     3 |    11 |    16 |    23 |    47 |    29 |    27 |       ||   156
Dodge: Dodged            |     6 |    28 |    72 |   169 |   322 |   336 |   242 |     5 ||  1180
       Deflected         |       |       |       |       |    12 |    31 |    40 |       ||    83
Block: Other             |       |       |       |       |       |     5 |    46 |     1 ||    52
       Reflection        |       |       |       |       |       |     3 |     6 |       ||     9
